 Dungeon Crawl Stone Soup version 0.28.0-43-g3370ac3207 (webtiles) character file.

Game seed: 1718752117168415696

105 diecastcamel the Poker (level 4, 0/37 HPs)
             Began as a Merfolk Fighter on Mar 1, 2022.
             Slain by a crimson imp (1 damage)
             ... summoned by Natasha
             ... on level 2 of the Dungeon.
             The game lasted 00:10:28 (2062 turns).

diecastcamel the Poker (Merfolk Fighter)            Turns: 2062, Time: 00:10:29

Health: 0/37       AC:  6    Str: 18    XL:     4   Next: 81%
Magic:  4/4        EV: 10    Int:  7    God:
Gold:   71         SH:  4    Dex: 13    Spells: 3/3 levels left

rFire   + . .      SeeInvis .   a - +0 trident
rCold   . . .      Faith    .   c - +0 buckler
rNeg    + . .      Spirit   .   b - +0 scale mail
rPois   .          Reflect  .   (no helmet)
rElec   .          Harm     .   (no cloak)
rCorr   .          Rampage  .   (no gloves)
Will    .....                   (no boots)
Stlth   ..........              (no amulet)
HPRegen 0.12/turn               e - ring of positive energy
MPRegen 0.09/turn               h - ring of protection from fire

@: slowed, very slow
A: (nimble swimmer 2), mertail
a: no special abilities


You were on level 2 of the Dungeon.
You visited 1 branch of the dungeon, and saw 2 of its levels.

You collected 71 gold pieces.

Inventory:

Hand Weapons
 a - a +0 trident (weapon)
Missiles
 m - 16 stones (quivered)
Armour
 b - a +0 scale mail (worn)
 c - a +0 buckler (worn)
Jewellery
 e - a ring of positive energy (left hand)
 h - a ring of protection from fire (right hand)
Scrolls
 d - a scroll of enchant weapon {unknown}
 g - a scroll of enchant armour {unknown}
 i - a scroll of immolation
 j - a scroll of amnesia {unknown}
 k - a scroll of teleportation {unknown}
Potions
 f - a potion of invisibility {unknown}
 l - a potion of heal wounds {unknown}


   Skills:
 + Level 3.9 Fighting
 * Level 5.0 Polearms
 + Level 2.6 Armour
 + Level 2.3 Dodging
 - Level 3.0 Shields


You had 3 spell levels left.
You didn't know any spells.
Your spell library was empty.

Dungeon Overview and Level Annotations

Branches:
Dungeon (2/15)

Altars:

Annotations:
D:2 Natasha


Innate Abilities, Weirdness & Mutations

((You are very nimble when in or above water. (Stealth+, EV+, Speed+++)))
Your lower body shifts to a powerful aquatic tail in water.


Message History

Natasha is almost dead.
Natasha stares at you and mumbles some strange words.
The magic dart hits you.
You are too injured to fight recklessly!
You are too injured to fight recklessly!
You are too injured to fight recklessly!
You closely miss Natasha.
Natasha is almost dead.
Natasha casts a spell.
You barely miss Natasha.
Natasha is almost dead.
Natasha casts a spell.
Natasha claws you!
* * * LOW HITPOINT WARNING * * *
You barely miss Natasha.
Natasha is severely wounded.
The crimson imp blinks!
Natasha claws you but does no damage.
You barely miss Natasha.
Natasha is severely wounded.
Natasha closely misses you. The crimson imp barely misses you.
Unknown command.
You barely miss Natasha.
Natasha is severely wounded.
Natasha claws you.
* * * LOW HITPOINT WARNING * * *
The crimson imp hits you but does no damage.
You closely miss Natasha.
Natasha is severely wounded.
Natasha claws you!
* * * LOW HITPOINT WARNING * * *
The crimson imp barely misses you.
Natasha stares at you and mumbles some strange words.
You feel yourself slow down.
The crimson imp blinks!
The crimson imp hits you but does no damage.
There is a stone staircase leading down here.
Natasha claws you.
* * * LOW HITPOINT WARNING * * *
The crimson imp hits you.
You die...

................##....# #.##.#
##......#.###.......### #.#..#
#.......#...##........###...##
#.#.....###.......##.......##
#.##..### #..#.##.##.###...#
#.
#....###....†.......5..#######
..
#.##......#.##.##.###..#......
.#
#.######.....5h##..##..†......
#
#...##...##.#@.###.##..#....<.
###..#.####.##..##..#..####.##
##.#.# ##.##..###.#..## #.#
#....# #......###.#...# #.#
#...#.## #.......##.#.#.###.##
....# #.#
#....##.............. .## #.##
#....##..#.###.###.## #..#
#######....###..##.# ##.##
##........##.##


You could see Natasha and a crimson imp (summoned).

Vanquished Creatures
  Natasha (twice) (D:2)
  3 worms (D:2)
  3 dart slugs
  3 bats
  4 endoplasms
  A giant cockroach (D:2)
  4 goblins
  7 hobgoblins
  6 kobolds
  3 ball pythons
  A frilled lizard (D:1)
  A rat (D:2)
38 creatures vanquished.

Notes
Turn   | Place    | Note
-------+----------+-------------------------------------------
     0 | D:1      | diecastcamel the Merfolk Fighter began the quest for the
                  | Orb.
     0 | D:1      | Reached XP level 1. HP: 18/18 MP: 1/1
   285 | D:1      | Reached XP level 2. HP: 24/24 MP: 2/2
   603 | D:1      | Reached skill level 1 in Dodging
  1110 | D:1      | Reached XP level 3. HP: 21/29 MP: 3/3
  1246 | D:1      | Reached skill level 4 in Polearms
  1596 | D:2      | Noticed Natasha
  1601 | D:2      | Killed Natasha
  1602 | D:2      | Reached XP level 4. HP: 29/37 MP: 4/4
  1820 | D:2      | Found a faded altar of an unknown god.
  2004 | D:2      | Noticed Natasha
  2014 | D:2      | Killed Natasha
  2024 | D:2      | Reached skill level 5 in Polearms
  2040 | D:2      | Noticed Natasha
  2062 | D:2      | HP: 1/37 [Natasha (2)]
  2062 | D:2      | Slain by a crimson imp

Illustrated notes

Levels and vault maps discovered:
D:1:      dpeg_arrival_renting, layout_loops_corners
D:2:      layout_rooms, ebering_ecumenical_altar_sacrificial, uniq_natasha,
          uniq_jessica

Skill      XL: |  1  2  3  4 |
---------------+-------------+-----
Dodging        | 1 2 |  2.3
Polearms       | 4 5 |  5.0
Fighting       | |  3.9
Armour         | |  2.6
Shields        | |  3.0

Action                   |  1- 3 |  4- 6 || total
-------------------------+-------+-------++-------
Melee: Trident           |   108 |    51 ||   159
  Use: Scroll            |     1 |       ||     1
       Potion            |     1 |       ||     1
Armor: Scale mail        |    28 |     7 ||    35
Dodge: Dodged            |    24 |    11 ||    35
Block: Buckler           |    16 |     4 ||    20
